 Dungeon Crawl Stone Soup version 0.20.0-8-g6b59dc7 (webtiles) character file.

103 Ashiichan the Sneak (level 4, -3/34 HPs)
             Began as a Vampire Assassin on May 30, 2017.
             Slain by an iguana (9 damage)
             ... on level 3 of the Dungeon.
             The game lasted 00:05:40 (1885 turns).

Ashiichan the Sneak (Vampire Assassin)              Turns: 1885, Time: 00:05:40

Health: -3/34      AC:  3    Str: 10    XL:     4   Next: 51%
Magic:  4/4        EV: 13    Int: 13    God:
Gold:   113        SH:  0    Dex: 16    Spells: 3/3 levels left

rFire    . . .     SeeInvis +   a - +2 dagger
rCold    + . .     Gourm    .   (no shield)
rNeg     + + .     Faith    .   c - +0 robe
rPois    +         Spirit   .   (no helmet)
rElec    .         Reflect  .   d - +0 cloak
rCorr    .         Harm     .   (no gloves)
MR       .....                  (no boots)
Stlth    +++++.....             (no amulet)
Regen    0.1/turn               (no ring)
MPRegen  0.1/turn               (no ring)

@: regenerating slowly
A: fangs 3, see invisible, unbreathing
a: Bat Form


You were on level 3 of the Dungeon.
You were thirsty.

You visited 1 branch of the dungeon, and saw 3 of its levels.

You collected 113 gold pieces.

Inventory:

Hand Weapons
 a - a +2 dagger (weapon)
 b - a +0 blowgun
 i - a +0 dagger
 l - a +0 dagger
 n - a +0 club
 o - a +0 dagger
 p - a +0 dagger
 w - a +0 dagger
 y - a +0 dagger
 D - a +0 whip
 F - a +0 whip
Missiles
 e - 8 poisoned needles
 f - 2 curare-tipped needles
 E - 23 arrows
Armour
 c - a +0 robe (worn)
 d - a +0 cloak (worn)
 u - a +0 robe
 C - a +0 ring mail
Scrolls
 h - a scroll of recharging {unknown}
 q - 2 scrolls of identify {unknown}
 t - a scroll of teleportation {unknown}
 x - a scroll of fog {unknown}
 B - a scroll of enchant weapon {unknown}
 G - a scroll of magic mapping {unknown}
Potions
 g - a potion of blood
 j - a potion of brilliance {unknown}
 k - 2 potions of lignification {unknown}
 m - 3 potions of curing {unknown}
 r - a potion of invisibility {unknown}
 v - a potion of haste {unknown}
 z - a potion of might {unknown}
Comestibles
 s - 3 royal jellies
 A - 2 meat rations
 H - a bread ration


   Skills:
 + Level 2.7 Fighting
 + Level 2.9 Short Blades
 - Level 1.6 Throwing
 + Level 2.4 Dodging
 + Level 6.9 Stealth


You had 3 spell levels left.
You didn't know any spells.

Dungeon Overview and Level Annotations

Branches:
Dungeon (3/15)

Altars:


Innate Abilities, Weirdness & Mutations

You heal slowly.
You have razor-sharp teeth.
You have supernaturally acute eyesight. (SInv)
You can survive without breathing.


Message History

You hit the adder.
You kill the adder!
The leopard gecko hisses menacingly.
You hit the leopard gecko.
The leopard gecko is heavily wounded.
The leopard gecko closely misses you.
You hit the leopard gecko.
You kill the leopard gecko!
You barely miss the iguana. The iguana barely misses you.
You hit the iguana but do no damage. You hit the iguana but do no damage.
The iguana barely misses you.
You hit the iguana.
The iguana is lightly wounded.
The iguana bites you.
* * * LOW HITPOINT WARNING * * *
You hit the iguana.
The iguana is moderately wounded.
The iguana hisses menacingly.
The iguana bites you!
You die...

#. #.# #...
#...###
.......
.......
.......######
.......l@...#
....##.####.#
# #. #.# #.
#.######## ..
#>....<..# ##
#.######.#
#.# #.#
#.######.#
##.....##.#


You could see an iguana.

Vanquished Creatures
  Jessica (D:2)
  3 adders
  A worm (D:2)
  A dart slug (D:1)
  A leopard gecko (D:3)
  3 ball pythons (D:1)
  2 giant cockroaches
  4 hobgoblins
  2 jackals (D:2)
  4 bats
  6 frilled lizards
  7 goblins
  6 kobolds
  4 rats
45 creatures vanquished.

Notes
Turn   | Place    | Note
-------+----------+-------------------------------------------
     0 | D:1      | Ashiichan the Vampire Assassin began the quest for the Orb.
     0 | D:1      | Reached XP level 1. HP: 16/16 MP: 1/1
    35 | D:1      | Reached skill level 6 in Stealth
   119 | D:1      | Reached XP level 2. HP: 22/22 MP: 2/2
   804 | D:1      | Reached XP level 3. HP: 22/27 MP: 3/3
  1275 | D:2      | Noticed Jessica
  1277 | D:2      | Killed Jessica
  1277 | D:2      | Reached XP level 4. HP: 34/34 MP: 4/4
  1885 | D:3      | Slain by an iguana

Skill      XL: |  1  2  3 |
---------------+----------+-----
Stealth        | 6 |  6.9
Fighting       | 2 |  2.7
Dodging        | 2 |  2.4
Short Blades   | |  2.9
Throwing       | |  1.6

Action                   |  1- 3 |  4- 6 || total
-------------------------+-------+-------++-------
Melee: Dagger            |    94 |    65 ||   159
       Bite              |     8 |     6 ||    14
 Stab: Sleeping          |     5 |     3 ||     8
  Eat: Corpse            |       |     2 ||     2
Armor: Robe              |    34 |    15 ||    49
Dodge: Dodged            |    52 |    32 ||    84
